BlackHawks vs RedWings

Created - 19 décembre 2020 at 23:05

Goals
1 2 3 T
BlackHawks 1 0 2 3
RedWings 1 2 1 4
Shots
1 2 3 T
BlackHawks 10 3 12 25
RedWings 10 14 4 28

1st period

1. BlackHawks , Scott Laughton 6 (Justin Faulk 8, Phillip Danault 14) at 2:04 (PP)
2. RedWings , Erik Karlsson 3 (David Pastrnak 14, John Carlson 15) at 3:23 (PP)

Penalties :
Sean Monahan (DET) for Delaying the game (Minor) at 0:42, Adam Larsson (CHI) for Hooking (Minor) at 2:25, Adam Larsson (CHI) for Hooking (Minor) at 6:40

2nd period

3. RedWings , Sean Monahan 9 (David Pastrnak 15, Brayden Schenn 7) at 6:02
4. RedWings , Filip Forsberg 14 (Patric Hornqvist 9, Erik Haula 11) at 12:15

Penalties :
Anze Kopitar (CHI) for Slashing (Minor) at 0:02, Lawson Crouse (CHI) for Hooking (Minor) at 8:17, Connor Murphy (DET) for Hooking (Minor) at 13:49

3rd period

5. RedWings , David Pastrnak 11 (John Carlson 16) at 1:22
6. BlackHawks , Kyle Palmieri 10 (Ryan Ellis 16, Phillip Danault 15) at 8:15
7. BlackHawks , Johnny Boychuk 1 (Jared McCann 4, Lawson Crouse 4) at 10:39

Penalties :
Johnny Boychuk (CHI) for Hooking (Minor) at 4:25

Goalie Stats

Jacob Markstrom (CHI), 24 saves from 28 shots - (0,857), L, 12-13-1, 59:00 minutes
John Gibson (DET), 22 saves from 25 shots - (0,880), W, 12-8-3, 60:00 minutes

Players Stats for BlackHawks

Player Name              G  A  P  +/- PIM S  H  SB GA TA FO     MP     PP MP  PK MP  
------------------------------------------------------------------------------------
Adam Larsson             0  0  0  -1  4   1  0  0  0  0  0/0     9:55   0:00   0:00 
Anze Kopitar             0  0  0  -1  2   5  1  0  0  0  16/28  25:19   1:47   2:56 
Ben Hutton               0  0  0   0  0   1  0  2  0  0  0/0     7:29   0:00   0:00 
Brandon Carlo            0  0  0  -1  0   0  4  1  0  0  0/0    19:20   1:34   3:56 
Erik Johnson             0  0  0   1  0   3  3  2  0  0  0/0    23:14   1:47   4:58 
Ivan Barbashev           0  0  0   0  0   0  0  0  0  0  2/3     6:42   0:00   1:54 
Jaden Schwartz           0  0  0  -1  0   2  1  0  0  0  3/11   21:33   1:47   3:48 
Jake Virtanen            0  0  0   0  0   2  0  0  0  0  0/0    14:31   0:00   0:00 
Jared McCann             0  1  1   0  0   0  0  0  0  0  10/19  15:13   0:00   1:08 
John Marino              0  0  0   0  0   0  1  0  0  0  0/0     7:29   0:00   0:00 
Johnny Boychuk           1  0  1  -1  2   2  1  0  0  0  0/0     9:23   0:00   0:00 
Justin Faulk             0  1  1  -1  0   1  3  0  0  0  0/0    19:20   1:34   3:56 
Kyle Palmieri            1  0  1   0  0   3  4  0  0  0  1/1    14:02   1:34   0:00 
Lawson Crouse            0  1  1   0  2   0  1  1  0  0  0/0    14:30   0:00   0:00 
Phil Kessel              0  0  0  -1  0   0  0  0  0  0  0/0    21:13   1:47   3:28 
Phillip Danault          0  2  2   0  0   1  0  1  0  0  3/13   22:42   1:34   3:52 
Ryan Ellis               0  1  1   1  0   2  0  1  0  0  0/0    23:47   1:47   4:58 
Scott Laughton           1  0  1   0  0   2  2  0  0  0  2/6    15:19   1:34   0:42 

Players Stats for RedWings

Player Name              G  A  P  +/- PIM S  H  SB GA TA FO     MP     PP MP  PK MP  
------------------------------------------------------------------------------------
Andrew Cogliano          0  0  0  -1  0   2  2  1  0  0  0/2    13:19   0:00   1:46 
Brayden Schenn           0  1  1   2  0   0  1  0  0  0  0/1    22:42   4:04   0:22 
Brett Howden             0  0  0   0  0   1  0  1  0  0  0/0     6:33   0:00   1:13 
Connor Murphy            0  0  0   1  2   2  1  2  0  0  0/0    19:18   3:55   0:48 
David Pastrnak           1  2  3   2  0   8  0  0  0  0  0/1    23:06   4:50   0:00 
Dennis Gilbert           0  0  0   0  0   2  4  1  0  0  0/0    13:44   0:00   0:46 
Erik Haula               0  1  1   0  0   2  2  0  0  0  12/20  17:23   4:04   0:22 
Erik Karlsson            1  0  1   0  0   1  1  2  0  0  0/0    26:34   4:59   1:24 
Filip Forsberg           1  0  1   0  0   4  1  0  0  0  0/1    17:47   4:50   0:00 
Frans Nielsen            0  0  0   0  0   0  0  0  0  0  4/8     6:12   0:00   1:13 
Jake Gardiner            0  0  0   1  0   1  1  0  0  0  0/0    20:20   3:55   1:49 
John Carlson             0  2  2   0  0   1  0  1  0  0  0/0    26:34   4:59   1:24 
Jordan Szwarz            0  0  0   0  0   0  0  0  0  0  1/1     4:59   0:00   0:00 
Kyle Brodziak            0  0  0  -1  0   0  2  0  0  0  11/17  13:19   0:00   1:46 
Nick Jensen              0  0  0   0  0   0  0  2  0  0  0/0    13:29   0:00   0:31 
Patric Hornqvist         0  1  1   0  0   2  0  0  0  0  0/1    17:01   4:04   0:00 
Ryan Hartman             0  0  0  -1  0   0  1  0  0  0  0/1    11:12   0:00   0:00 
Sean Monahan             1  0  1   2  2   2  1  0  0  0  16/28  23:05   4:50   0:00 

3 Stars

1 - David Pastrnak (DET)
2 - Kyle Palmieri (CHI)
3 - Erik Karlsson (DET)

Power Play

BlackHawks - 1 on 2 Attempt(s) - 50,00%
RedWings - 1 on 5 Attempt(s) - 20,00%

Penalty Kill

BlackHawks - 4 on 5 Attempt(s) - 80,00% - Score 0 goal in Penalty Kill
RedWings - 1 on 2 Attempt(s) - 50,00% - Score 0 goal in Penalty Kill

Team Stat

BlackHawks - Hits : 21 - Faceoff Wins : 37 - Blocked Shots : 8 - Penalty Minutes : 10
RedWings - Hits : 17 - Faceoff Wins : 44 - Blocked Shots : 10 - Penalty Minutes : 4

Official

Referees : Sean MacFarlane and Brandon Blandina
Linesman : Glen Cooke and Ken Bonham

Game Notes

No Game Note

Finance

Level 1 -- Attendance: 5903 (90,82%) -- Ticket Income 661 136 $
Level 2 -- Attendance: 4782 (95,64%) -- Ticket Income 392 124 $
Level 3 -- Attendance: 3101 (88,60%) -- Ticket Income 217 070 $
Level 4 -- Attendance: 2623 (65,14%) -- Ticket Income 104 920 $
Luxury Box -- Attendance: 927 (92,70%) -- Ticket Income 208 575 $
Game was played at the Joe Louis Arena.
Total Attendance: 17336 (86,56%)
Total Ticket Income: 1 583 825 $
Other Income: 776 074 $
Total Income: 2 359 899 $

% Time on Ice - BlackHawks

Lines # - Real PCT - Wanted PCT - Time Play
Normal Forward
1 - 33% - 40% - 15:25
2 - 26% - 30% - 12:28
3 - 31% - 20% - 14:31
4 - 10% - 10% - 4:48
Normal Defense
1 - 35% - 40% - 16:29
2 - 29% - 30% - 13:50
3 - 20% - 20% - 9:24
4 - 16% - 10% - 7:29
PP Forward
1 - 53% - 60% - 1:47
2 - 47% - 40% - 1:34
PP Defense
1 - 53% - 60% - 1:47
2 - 47% - 40% - 1:34
PK Forward
1 - 61% - 60% - 5:26
2 - 39% - 40% - 3:28
PK Defense
1 - 56% - 60% - 4:58
2 - 44% - 40% - 3:56
PK3 Forward
1 - 0% - 60%
2 - 0% - 40%
PK3 Defense
1 - 0% - 60%
2 - 0% - 40%
44 Forward
1 - 0% - 60%
2 - 0% - 40%
44 Defense
1 - 0% - 60%
2 - 0% - 40%
Last Minute Offensive  - 0:33
Last Minute Defensive  - 0:00
Total
Forward - 60:00
Defense - 60:00

% Time on Ice - RedWings

Lines # - Real PCT - Wanted PCT - Time Play
Normal Forward
1 - 39% - 40% - 18:16
2 - 27% - 30% - 12:57
3 - 24% - 20% - 11:12
4 - 11% - 10% - 4:59
Normal Defense
1 - 38% - 40% - 17:58
2 - 31% - 30% - 14:36
3 - 27% - 20% - 12:58
4 - 4% - 10% - 1:52
PP Forward
1 - 54% - 60% - 4:50
2 - 46% - 40% - 4:04
PP Defense
1 - 56% - 60% - 4:59
2 - 44% - 40% - 3:55
PK Forward
1 - 64% - 60% - 2:08
2 - 36% - 40% - 1:13
PK Defense
1 - 42% - 60% - 1:24
2 - 58% - 40% - 1:57
PK3 Forward
1 - 0% - 60%
2 - 0% - 40%
PK3 Defense
1 - 0% - 60%
2 - 0% - 40%
44 Forward
1 - 0% - 60%
2 - 0% - 40%
44 Defense
1 - 0% - 60%
2 - 0% - 40%
Last Minute Offensive  - 0:00
Last Minute Defensive  - 0:21
Total
Forward - 60:00
Defense - 60:00

Play-by-Play

1st period


0:01 of 1st period - Sean Monahan wins face-off versus Anze Kopitar in neutral zone.
0:42 of 1st period - Minor Penalty to Sean Monahan for Delaying the game.
0:43 of 1st period - Phillip Danault wins face-off versus Kyle Brodziak in RedWings zone.
1:04 of 1st period - Shot by Kyle Palmieri.
1:04 of 1st period - Stopped by John Gibson without a rebound.
1:05 of 1st period - Kyle Brodziak wins face-off versus Jaden Schwartz in RedWings zone.
1:14 of 1st period - Shot by Erik Johnson.
1:14 of 1st period - Stopped by John Gibson with a rebound.
2:02 of 1st period - Shot by Justin Faulk.
2:02 of 1st period - Stopped by John Gibson with a rebound.
2:04 of 1st period - Shot by Scott Laughton.
2:04 of 1st period - Goal by Scott Laughton - BlackHawks : 1 - RedWings : 0.
2:05 of 1st period - Erik Haula wins face-off versus Jared McCann in neutral zone.
2:25 of 1st period - Minor Penalty to Adam Larsson for Hooking.
2:26 of 1st period - Anze Kopitar wins face-off versus David Pastrnak in BlackHawks zone.
2:26 of 1st period - Anze Kopitar is hit by Sean Monahan.
2:43 of 1st period - Shot by John Carlson.
2:43 of 1st period - Stopped by Jacob Markstrom without a rebound.
2:44 of 1st period - Anze Kopitar wins face-off versus Erik Haula in BlackHawks zone.
2:57 of 1st period - Shot by Brayden Schenn.
2:57 of 1st period - Shot Misses the Net.
2:59 of 1st period - Shot by Connor Murphy.
2:59 of 1st period - Shot Blocked by Phillip Danault.
3:01 of 1st period - Shot by Brayden Schenn.
3:01 of 1st period - Deflect By Patric Hornqvist.
3:01 of 1st period - Stopped by Jacob Markstrom with a rebound.
3:03 of 1st period - Shot by Connor Murphy.
3:03 of 1st period - Shot Misses the Net.
3:05 of 1st period - Shot by Jake Gardiner.
3:05 of 1st period - Stopped by Jacob Markstrom without a rebound.
3:06 of 1st period - Jaden Schwartz wins face-off versus Sean Monahan in BlackHawks zone.
3:21 of 1st period - Shot by David Pastrnak.
3:21 of 1st period - Shot Blocked by Erik Johnson.
3:23 of 1st period - Shot by Erik Karlsson.
3:23 of 1st period - The goal is going for a video replay.
3:23 of 1st period - The goal is good.
3:23 of 1st period - Goal by Erik Karlsson - BlackHawks : 1 - RedWings : 1.
3:24 of 1st period - Kyle Brodziak wins face-off versus Phillip Danault in neutral zone.
3:37 of 1st period - Shot by Phillip Danault.
3:37 of 1st period - Stopped by John Gibson without a rebound.
3:38 of 1st period - Erik Haula wins face-off versus Jared McCann in RedWings zone.
4:31 of 1st period - John Carlson is hit by Erik Johnson and loses puck.
4:41 of 1st period - Icing by Ryan Ellis.
4:42 of 1st period - Sean Monahan wins face-off versus Jared McCann in BlackHawks zone.
4:53 of 1st period - Shot by David Pastrnak.
4:53 of 1st period - Stopped by Jacob Markstrom without a rebound.
4:54 of 1st period - Jaden Schwartz wins face-off versus Andrew Cogliano in BlackHawks zone.
5:07 of 1st period - Shot by Jaden Schwartz.
5:07 of 1st period - Shot Misses the Net.
5:48 of 1st period - Jake Gardiner is hit by Kyle Palmieri and loses puck.
6:40 of 1st period - Minor Penalty to Adam Larsson for Hooking.
6:41 of 1st period - Anze Kopitar wins face-off versus Erik Haula in BlackHawks zone.
6:51 of 1st period - Off-side.
6:52 of 1st period - Sean Monahan wins face-off versus Anze Kopitar in neutral zone.
6:56 of 1st period - Off-side.
6:57 of 1st period - Erik Haula wins face-off versus Anze Kopitar in neutral zone.
7:14 of 1st period - Shot by John Carlson.
7:14 of 1st period - Shot Misses the Net.
7:16 of 1st period - Shot by John Carlson.
7:16 of 1st period - Shot Blocked by Ryan Ellis.
7:53 of 1st period - Icing by Jake Gardiner.
7:54 of 1st period - Sean Monahan wins face-off versus Jaden Schwartz in RedWings zone.
8:05 of 1st period - Shot by David Pastrnak.
8:05 of 1st period - Shot Misses the Net.
8:07 of 1st period - Shot by Connor Murphy.
8:07 of 1st period - Stopped by Jacob Markstrom without a rebound.
8:08 of 1st period - Anze Kopitar wins face-off versus Sean Monahan in BlackHawks zone.
9:56 of 1st period - Shot by Anze Kopitar.
9:56 of 1st period - Shot Blocked by Dennis Gilbert.
9:58 of 1st period - Shot by Justin Faulk.
9:58 of 1st period - Shot Misses the Net.
10:00 of 1st period - Shot by Anze Kopitar.
10:00 of 1st period - Stopped by John Gibson without a rebound.
10:01 of 1st period - Sean Monahan wins face-off versus Phillip Danault in RedWings zone.
10:06 of 1st period - Shot by David Pastrnak.
10:06 of 1st period - Stopped by Jacob Markstrom without a rebound.
10:07 of 1st period - Phillip Danault wins face-off versus Sean Monahan in BlackHawks zone.
10:07 of 1st period - Phillip Danault is hit by Brayden Schenn.
10:33 of 1st period - Sean Monahan is hit by Erik Johnson and loses puck.
10:36 of 1st period - Shot by Brayden Schenn.
10:36 of 1st period - Shot Misses the Net.
10:47 of 1st period - Sean Monahan is hit by Erik Johnson and loses puck.
11:22 of 1st period - Shot by Patric Hornqvist.
11:22 of 1st period - Shot Misses the Net.
12:03 of 1st period - Icing by Jaden Schwartz.
12:04 of 1st period - Frans Nielsen wins face-off versus Anze Kopitar in BlackHawks zone.
12:08 of 1st period - Brett Howden is hit by Johnny Boychuk and loses puck.
12:11 of 1st period - Shot by Jordan Szwarz.
12:11 of 1st period - Deflect By Brett Howden.
12:11 of 1st period - Stopped by Jacob Markstrom without a rebound.
12:12 of 1st period - Anze Kopitar wins face-off versus Sean Monahan in BlackHawks zone.
12:17 of 1st period - Shot by David Pastrnak.
12:17 of 1st period - Stopped by Jacob Markstrom with a rebound.
12:37 of 1st period - Icing by Ben Hutton.
12:38 of 1st period - Anze Kopitar wins face-off versus Ryan Hartman in BlackHawks zone.
12:59 of 1st period - Shot by Anze Kopitar.
12:59 of 1st period - Stopped by John Gibson without a rebound.
13:00 of 1st period - Kyle Palmieri wins face-off versus Sean Monahan in RedWings zone.
13:13 of 1st period - Shot by Brayden Schenn.
13:13 of 1st period - Shot Misses the Net.
14:06 of 1st period - Shot by Jake Virtanen.
14:06 of 1st period - Shot Misses the Net.
14:12 of 1st period - Shot by Filip Forsberg.
14:12 of 1st period - Stopped by Jacob Markstrom without a rebound.
14:13 of 1st period - Frans Nielsen wins face-off versus Anze Kopitar in BlackHawks zone.
14:17 of 1st period - Icing by Adam Larsson.
14:18 of 1st period - Anze Kopitar wins face-off versus Filip Forsberg in BlackHawks zone.
14:18 of 1st period - Anze Kopitar is hit by Erik Haula.
14:32 of 1st period - Shot by Patric Hornqvist.
14:32 of 1st period - Shot Misses the Net.
14:34 of 1st period - Shot by Erik Haula.
14:34 of 1st period - Shot Misses the Net.
15:04 of 1st period - Icing by Connor Murphy.
15:05 of 1st period - Erik Haula wins face-off versus Phillip Danault in RedWings zone.
16:34 of 1st period - Justin Faulk is hit by Kyle Brodziak and loses puck.
16:55 of 1st period - Shot by Anze Kopitar.
16:55 of 1st period - Deflect By Jaden Schwartz.
16:55 of 1st period - Stopped by John Gibson without a rebound.
16:56 of 1st period - Anze Kopitar wins face-off versus Frans Nielsen in RedWings zone.
17:01 of 1st period - Shot by Phil Kessel.
17:01 of 1st period - Shot Blocked by Connor Murphy.
17:30 of 1st period - Shot by Phil Kessel.
17:30 of 1st period - Shot Misses the Net.
17:32 of 1st period - Shot by Anze Kopitar.
17:32 of 1st period - Shot Blocked by Connor Murphy.
17:34 of 1st period - Shot by Anze Kopitar.
17:34 of 1st period - Stopped by John Gibson without a rebound.
17:35 of 1st period - Sean Monahan wins face-off versus Scott Laughton in RedWings zone.
18:00 of 1st period - Shot by Scott Laughton.
18:00 of 1st period - Stopped by John Gibson without a rebound.
18:01 of 1st period - Jared McCann wins face-off versus Erik Haula in RedWings zone.
18:21 of 1st period - Jared McCann is hit by Dennis Gilbert and loses puck.
18:35 of 1st period - Filip Forsberg is hit by Brandon Carlo and loses puck.
Goals for this period are 1 for BlackHawks vs 1 for RedWings.
Shots for this period are 10 for BlackHawks vs 10 for RedWings.

2nd period


0:01 of 2nd period - Erik Haula wins face-off versus Anze Kopitar in neutral zone.
0:01 of 2nd period - Erik Haula is hit by Jaden Schwartz.
0:02 of 2nd period - Minor Penalty to Anze Kopitar for Slashing.
0:03 of 2nd period - Ivan Barbashev wins face-off versus Sean Monahan in BlackHawks zone.
2:12 of 2nd period - Shot by Kyle Brodziak.
2:12 of 2nd period - Deflect By Ryan Hartman.
2:12 of 2nd period - Shot Misses the Net.
2:19 of 2nd period - Icing by Adam Larsson.
2:20 of 2nd period - Jared McCann wins face-off versus Frans Nielsen in BlackHawks zone.
2:33 of 2nd period - Shot by Lawson Crouse.
2:33 of 2nd period - Shot Blocked by Brett Howden.
2:37 of 2nd period - Shot by Jared McCann.
2:37 of 2nd period - Shot Misses the Net.
2:39 of 2nd period - Shot by Adam Larsson.
2:39 of 2nd period - Shot Misses the Net.
2:41 of 2nd period - Shot by Lawson Crouse.
2:41 of 2nd period - Deflect By Jake Virtanen.
2:41 of 2nd period - Shot Blocked by Erik Karlsson.
3:07 of 2nd period - Shot by Anze Kopitar.
3:07 of 2nd period - Shot Misses the Net.
3:37 of 2nd period - Icing by Erik Karlsson.
3:38 of 2nd period - Frans Nielsen wins face-off versus Phillip Danault in RedWings zone.
4:15 of 2nd period - Shot by David Pastrnak.
4:15 of 2nd period - Shot Blocked by Erik Johnson.
4:30 of 2nd period - Dennis Gilbert is hit by Kyle Palmieri.
4:52 of 2nd period - Justin Faulk is hit by Filip Forsberg and loses puck.
4:59 of 2nd period - Shot by Patric Hornqvist.
4:59 of 2nd period - Shot Blocked by Lawson Crouse.
5:01 of 2nd period - Shot by Connor Murphy.
5:01 of 2nd period - Stopped by Jacob Markstrom with a rebound.
5:19 of 2nd period - Shot by Erik Haula.
5:19 of 2nd period - Stopped by Jacob Markstrom with a rebound.
5:41 of 2nd period - Icing by Anze Kopitar.
5:42 of 2nd period - Jaden Schwartz wins face-off versus Kyle Brodziak in BlackHawks zone.
5:48 of 2nd period - Icing by Adam Larsson.
5:49 of 2nd period - Sean Monahan wins face-off versus Anze Kopitar in BlackHawks zone.
6:02 of 2nd period - Shot by Sean Monahan.
6:02 of 2nd period - Goal by Sean Monahan - BlackHawks : 1 - RedWings : 2.
6:03 of 2nd period - Kyle Brodziak wins face-off versus Phillip Danault in neutral zone.
6:15 of 2nd period - Shot by Andrew Cogliano.
6:15 of 2nd period - Shot Blocked by Ben Hutton.
6:17 of 2nd period - Shot by Dennis Gilbert.
6:17 of 2nd period - Stopped by Jacob Markstrom with a rebound.
6:19 of 2nd period - Shot by Dennis Gilbert.
6:19 of 2nd period - Stopped by Jacob Markstrom with a rebound.
6:37 of 2nd period - Shot by Andrew Cogliano.
6:37 of 2nd period - Shot Misses the Net.
7:12 of 2nd period - Shot by Brayden Schenn.
7:12 of 2nd period - Shot Blocked by Ben Hutton.
7:51 of 2nd period - Patric Hornqvist is hit by John Marino and loses puck.
7:58 of 2nd period - Shot by Erik Haula.
7:58 of 2nd period - Stopped by Jacob Markstrom with a rebound.
8:00 of 2nd period - Shot by Connor Murphy.
8:00 of 2nd period - Shot Misses the Net.
8:02 of 2nd period - Shot by Filip Forsberg.
8:02 of 2nd period - Stopped by Jacob Markstrom without a rebound.
8:03 of 2nd period - Frans Nielsen wins face-off versus Jared McCann in BlackHawks zone.
8:17 of 2nd period - Minor Penalty to Lawson Crouse for Hooking.
8:18 of 2nd period - Sean Monahan wins face-off versus Jaden Schwartz in BlackHawks zone.
8:18 of 2nd period - John Carlson is hit by Brandon Carlo and loses puck.
8:27 of 2nd period - Shot by David Pastrnak.
8:27 of 2nd period - Stopped by Jacob Markstrom without a rebound.
8:28 of 2nd period - Erik Haula wins face-off versus Jaden Schwartz in BlackHawks zone.
8:50 of 2nd period - Off-side.
8:51 of 2nd period - Sean Monahan wins face-off versus Jaden Schwartz in neutral zone.
9:20 of 2nd period - Shot by Filip Forsberg.
9:20 of 2nd period - Deflect By David Pastrnak.
9:20 of 2nd period - Stopped by Jacob Markstrom with a rebound.
10:19 of 2nd period - Icing by Lawson Crouse.
10:20 of 2nd period - Anze Kopitar wins face-off versus Kyle Brodziak in BlackHawks zone.
10:20 of 2nd period - Anze Kopitar is hit by Andrew Cogliano.
10:34 of 2nd period - Shot by Anze Kopitar.
10:34 of 2nd period - Shot Misses the Net.
10:36 of 2nd period - Shot by Anze Kopitar.
10:36 of 2nd period - Shot Blocked by Nick Jensen.
10:42 of 2nd period - Shot by Johnny Boychuk.
10:42 of 2nd period - Stopped by John Gibson without a rebound.
10:43 of 2nd period - Jordan Szwarz wins face-off versus Phillip Danault in RedWings zone.
10:55 of 2nd period - Brett Howden is hit by Justin Faulk and loses puck.
11:19 of 2nd period - Erik Karlsson is hit by Brandon Carlo.
11:23 of 2nd period - Shot by Brett Howden.
11:23 of 2nd period - Shot Misses the Net.
12:09 of 2nd period - Shot by Sean Monahan.
12:09 of 2nd period - Stopped by Jacob Markstrom without a rebound.
12:10 of 2nd period - Erik Haula wins face-off versus Jared McCann in BlackHawks zone.
12:15 of 2nd period - Shot by Patric Hornqvist.
12:15 of 2nd period - Deflect By Filip Forsberg.
12:15 of 2nd period - Goal by Filip Forsberg - BlackHawks : 1 - RedWings : 3.
12:16 of 2nd period - Jared McCann wins face-off versus Patric Hornqvist in neutral zone.
12:21 of 2nd period - Icing by Dennis Gilbert.
12:22 of 2nd period - Anze Kopitar wins face-off versus Erik Haula in RedWings zone.
12:22 of 2nd period - Jaden Schwartz is hit by Dennis Gilbert and loses puck.
12:33 of 2nd period - Erik Johnson is hit by Erik Haula and loses puck.
12:39 of 2nd period - Icing by Erik Johnson.
12:40 of 2nd period - Sean Monahan wins face-off versus Anze Kopitar in BlackHawks zone.
12:55 of 2nd period - Shot by Brayden Schenn.
12:55 of 2nd period - Shot Hit the Post.
13:01 of 2nd period - Shot by David Pastrnak.
13:01 of 2nd period - Shot Misses the Net.
13:43 of 2nd period - Scott Laughton is hit by Jake Gardiner and loses puck.
13:49 of 2nd period - Minor Penalty to Connor Murphy for Hooking.
13:50 of 2nd period - Kyle Brodziak wins face-off versus Scott Laughton in RedWings zone.
14:19 of 2nd period - Shot by Kyle Palmieri.
14:19 of 2nd period - Shot Misses the Net.
15:32 of 2nd period - Erik Haula is hit by Kyle Palmieri and loses puck.
16:12 of 2nd period - Lawson Crouse is hit by Dennis Gilbert.
16:18 of 2nd period - Shot by Jake Virtanen.
16:18 of 2nd period - Stopped by John Gibson without a rebound.
16:19 of 2nd period - Erik Haula wins face-off versus Ivan Barbashev in RedWings zone.
16:30 of 2nd period - Off-side.
16:31 of 2nd period - Jared McCann wins face-off versus Frans Nielsen in neutral zone.
16:48 of 2nd period - Shot by Jared McCann.
16:48 of 2nd period - Shot Blocked by John Carlson.
16:50 of 2nd period - Shot by Ben Hutton.
16:50 of 2nd period - Stopped by John Gibson without a rebound.
16:51 of 2nd period - Erik Haula wins face-off versus Phillip Danault in RedWings zone.
17:10 of 2nd period - Shot by Erik Haula.
17:10 of 2nd period - Deflect By Filip Forsberg.
17:10 of 2nd period - Stopped by Jacob Markstrom without a rebound.
17:11 of 2nd period - Sean Monahan wins face-off versus Anze Kopitar in BlackHawks zone.
18:13 of 2nd period - John Carlson is hit by Justin Faulk and loses puck.
18:43 of 2nd period - Erik Haula is hit by Justin Faulk and loses puck.
19:14 of 2nd period - Icing by Adam Larsson.
19:15 of 2nd period - Jared McCann wins face-off versus Kyle Brodziak in BlackHawks zone.
19:17 of 2nd period - Icing by Jake Virtanen.
19:18 of 2nd period - Kyle Brodziak wins face-off versus Jared McCann in BlackHawks zone.
19:21 of 2nd period - Shot by Andrew Cogliano.
19:21 of 2nd period - Shot Misses the Net.
19:23 of 2nd period - Shot by Andrew Cogliano.
19:23 of 2nd period - Stopped by Jacob Markstrom without a rebound.
19:24 of 2nd period - Kyle Brodziak wins face-off versus Jaden Schwartz in BlackHawks zone.
19:25 of 2nd period - Shot by Andrew Cogliano.
19:25 of 2nd period - Stopped by Jacob Markstrom without a rebound.
19:26 of 2nd period - Kyle Brodziak wins face-off versus Jaden Schwartz in BlackHawks zone.
19:51 of 2nd period - Shot by Kyle Brodziak.
19:51 of 2nd period - Shot Misses the Net.
Goals for this period are 0 for BlackHawks vs 2 for RedWings.
Shots for this period are 3 for BlackHawks vs 14 for RedWings.

3rd period


0:01 of 3rd period - Sean Monahan wins face-off versus Anze Kopitar in neutral zone.
0:09 of 3rd period - Icing by Anze Kopitar.
0:10 of 3rd period - Erik Haula wins face-off versus Anze Kopitar in BlackHawks zone.
1:00 of 3rd period - Off-side.
1:01 of 3rd period - Sean Monahan wins face-off versus Phillip Danault in neutral zone.
1:04 of 3rd period - Shot by David Pastrnak.
1:04 of 3rd period - Deflect By Brayden Schenn.
1:04 of 3rd period - Shot Misses the Net.
1:06 of 3rd period - Shot by David Pastrnak.
1:06 of 3rd period - Stopped by Jacob Markstrom with a rebound.
1:08 of 3rd period - Shot by Brayden Schenn.
1:08 of 3rd period - Shot Misses the Net.
1:22 of 3rd period - Shot by David Pastrnak.
1:22 of 3rd period - Goal by David Pastrnak - BlackHawks : 1 - RedWings : 4.
1:23 of 3rd period - Jared McCann wins face-off versus Kyle Brodziak in neutral zone.
1:45 of 3rd period - Jared McCann is hit by Andrew Cogliano and loses puck.
1:54 of 3rd period - Shot by Jake Virtanen.
1:54 of 3rd period - Shot Blocked by Andrew Cogliano.
1:56 of 3rd period - Shot by Lawson Crouse.
1:56 of 3rd period - Shot Hit the Post.
1:58 of 3rd period - Shot by Jared McCann.
1:58 of 3rd period - Shot Misses the Net.
2:23 of 3rd period - Off-side.
2:24 of 3rd period - Anze Kopitar wins face-off versus Erik Haula in neutral zone.
3:56 of 3rd period - Off-side.
3:57 of 3rd period - Kyle Brodziak wins face-off versus Jared McCann in neutral zone.
4:25 of 3rd period - Minor Penalty to Johnny Boychuk for Hooking.
4:26 of 3rd period - Anze Kopitar wins face-off versus Sean Monahan in BlackHawks zone.
5:32 of 3rd period - Shot by Brayden Schenn.
5:32 of 3rd period - Shot Misses the Net.
6:04 of 3rd period - Shot by Filip Forsberg.
6:04 of 3rd period - Shot Misses the Net.
6:06 of 3rd period - Shot by Erik Karlsson.
6:06 of 3rd period - Shot Misses the Net.
6:21 of 3rd period - Shot by Sean Monahan.
6:21 of 3rd period - Shot Misses the Net.
6:32 of 3rd period - Icing by Adam Larsson.
6:33 of 3rd period - Jared McCann wins face-off versus Andrew Cogliano in BlackHawks zone.
6:33 of 3rd period - Jared McCann is hit by Kyle Brodziak.
6:36 of 3rd period - Icing by Johnny Boychuk.
6:37 of 3rd period - Kyle Brodziak wins face-off versus Jared McCann in BlackHawks zone.
6:56 of 3rd period - Shot by Jake Virtanen.
6:56 of 3rd period - Shot Misses the Net.
7:10 of 3rd period - Shot by Jake Virtanen.
7:10 of 3rd period - Shot Blocked by Nick Jensen.
7:12 of 3rd period - Shot by Adam Larsson.
7:12 of 3rd period - Stopped by John Gibson without a rebound.
7:13 of 3rd period - Anze Kopitar wins face-off versus Frans Nielsen in RedWings zone.
7:35 of 3rd period - Shot by Phil Kessel.
7:35 of 3rd period - Shot Misses the Net.
7:37 of 3rd period - Shot by Anze Kopitar.
7:37 of 3rd period - Stopped by John Gibson with a rebound.
7:39 of 3rd period - Shot by Phil Kessel.
7:39 of 3rd period - Shot Misses the Net.
7:43 of 3rd period - Shot by Anze Kopitar.
7:43 of 3rd period - Stopped by John Gibson without a rebound.
7:44 of 3rd period - Sean Monahan wins face-off versus Scott Laughton in RedWings zone.
7:46 of 3rd period - David Pastrnak is hit by Kyle Palmieri and loses puck.
7:51 of 3rd period - John Carlson is hit by Scott Laughton and loses puck.
8:05 of 3rd period - Icing by Kyle Palmieri.
8:06 of 3rd period - Phillip Danault wins face-off versus Erik Haula in BlackHawks zone.
8:13 of 3rd period - Shot by Ryan Ellis.
8:13 of 3rd period - Shot Misses the Net.
8:15 of 3rd period - Shot by Kyle Palmieri.
8:15 of 3rd period - Goal by Kyle Palmieri - BlackHawks : 2 - RedWings : 4.
8:16 of 3rd period - Anze Kopitar wins face-off versus Sean Monahan in neutral zone.
8:21 of 3rd period - Shot by Jaden Schwartz.
8:21 of 3rd period - Stopped by John Gibson without a rebound.
8:22 of 3rd period - Anze Kopitar wins face-off versus Sean Monahan in RedWings zone.
8:33 of 3rd period - Shot by Anze Kopitar.
8:33 of 3rd period - Shot Misses the Net.
9:12 of 3rd period - Icing by Justin Faulk.
9:13 of 3rd period - Erik Haula wins face-off versus Anze Kopitar in BlackHawks zone.
9:13 of 3rd period - Erik Haula is hit by Brandon Carlo.
9:19 of 3rd period - Shot by Filip Forsberg.
9:19 of 3rd period - Shot Blocked by Brandon Carlo.
10:01 of 3rd period - Off-side.
10:02 of 3rd period - Jared McCann wins face-off versus Kyle Brodziak in neutral zone.
10:02 of 3rd period - Lawson Crouse is hit by Ryan Hartman and loses puck.
10:37 of 3rd period - Shot by Jared McCann.
10:37 of 3rd period - Shot Blocked by Erik Karlsson.
10:39 of 3rd period - Shot by Johnny Boychuk.
10:39 of 3rd period - Goal by Johnny Boychuk - BlackHawks : 3 - RedWings : 4.
10:40 of 3rd period - Sean Monahan wins face-off versus Phillip Danault in neutral zone.
10:53 of 3rd period - Icing by Nick Jensen.
10:54 of 3rd period - Ivan Barbashev wins face-off versus Sean Monahan in RedWings zone.
11:08 of 3rd period - Shot by David Pastrnak.
11:08 of 3rd period - Shot Misses the Net.
11:21 of 3rd period - David Pastrnak is hit by Anze Kopitar and loses puck.
13:29 of 3rd period - Off-side.
13:30 of 3rd period - Jared McCann wins face-off versus Sean Monahan in neutral zone.
13:49 of 3rd period - Shot by Erik Johnson.
13:49 of 3rd period - Stopped by John Gibson with a rebound.
13:51 of 3rd period - Shot by Jake Virtanen.
13:51 of 3rd period - Stopped by John Gibson without a rebound.
13:52 of 3rd period - Jared McCann wins face-off versus Erik Haula in RedWings zone.
13:52 of 3rd period - Jared McCann is hit by Dennis Gilbert.
14:00 of 3rd period - Patric Hornqvist is hit by Lawson Crouse and loses puck.
14:34 of 3rd period - Icing by Nick Jensen.
14:35 of 3rd period - Scott Laughton wins face-off versus Erik Haula in RedWings zone.
14:48 of 3rd period - Icing by Scott Laughton.
14:49 of 3rd period - Scott Laughton wins face-off versus Brayden Schenn in BlackHawks zone.
15:06 of 3rd period - Shot by Ryan Ellis.
15:06 of 3rd period - Stopped by John Gibson without a rebound.
15:07 of 3rd period - Kyle Brodziak wins face-off versus Jared McCann in RedWings zone.
15:16 of 3rd period - Shot by Jake Virtanen.
15:16 of 3rd period - Shot Hit the Post.
16:08 of 3rd period - Shot by David Pastrnak.
16:08 of 3rd period - Stopped by Jacob Markstrom without a rebound.
16:09 of 3rd period - Anze Kopitar wins face-off versus Sean Monahan in BlackHawks zone.
16:36 of 3rd period - Icing by Erik Karlsson.
16:37 of 3rd period - Sean Monahan wins face-off versus Scott Laughton in RedWings zone.
16:49 of 3rd period - Shot by Kyle Palmieri.
16:49 of 3rd period - Shot Misses the Net.
16:55 of 3rd period - Shot by Kyle Palmieri.
16:55 of 3rd period - Stopped by John Gibson without a rebound.
16:56 of 3rd period - Erik Haula wins face-off versus Jaden Schwartz in RedWings zone.
17:31 of 3rd period - Shot by Patric Hornqvist.
17:31 of 3rd period - Shot Misses the Net.
17:33 of 3rd period - Shot by Patric Hornqvist.
17:33 of 3rd period - Stopped by Jacob Markstrom without a rebound.
17:34 of 3rd period - Kyle Brodziak wins face-off versus Phillip Danault in BlackHawks zone.
17:55 of 3rd period - Kyle Brodziak is hit by Scott Laughton.
18:54 of 3rd period - Shot by Jared McCann.
18:54 of 3rd period - Shot Misses the Net.
18:56 of 3rd period - Shot by Ryan Ellis.
18:56 of 3rd period - Stopped by John Gibson with a rebound.
18:58 of 3rd period - Shot by Erik Johnson.
18:58 of 3rd period - Stopped by John Gibson with a rebound.
19:00 of 3rd period - BlackHawks, Jacob Markstrom is pulled from the net.
19:09 of 3rd period - Jake Virtanen is hit by Connor Murphy and loses puck.
19:43 of 3rd period - Jaden Schwartz is hit by Erik Karlsson and loses puck.
19:59 of 3rd period - Shot by Jaden Schwartz.
19:59 of 3rd period - Shot Misses the Net.
Goals for this period are 2 for BlackHawks vs 1 for RedWings.
Shots for this period are 12 for BlackHawks vs 4 for RedWings.